cohdb
Replays
Latest Replays
All Replays
Popular Replays
Top Player Replays
Match Explorer
How It Works
Community
CoH3 Stats
Reddit
Sign in to upload your games and track your stats! →
Sign in with Steam
Match 39586660
Unlisted
Match 39586660
Overview
Messages
Build Orders
End
Panzergrenadier Squad
Panzergrenadier Squad
Construct Light Support Kompanie
Assault Grenadier Squad
250 Light Carrier
Selects Defensive Operations
Fire Support Elements
Panzerpioneer Squad
Flakvierling Half-track
Construct Mechanized Kompanie
Panzerpioneer Squad
Selects Prepared Positions
8 Rad Armored Car
MG34 Team
Selects Guastatori Squad
Selects L6/40 Light Tank Combat Group
StuG III D Assault Gun
Pak 38 Anti-tank Gun Team
Construct Panzerarmee Kommand
Selects Towed Cannone da 105/28 Field Howitzer
Assault Mechanized Group
Selects Propaganda War
Propaganda War
Propaganda War
Panzer III L Medium Tank
Propaganda War
Pak 38 Anti-tank Gun Team
Selects Italian Infantry
Selects Italian Infantry
CPU - 困难
CPU - 困难
XuZhongwei
J4F|SkyNet
0
0
Comments
sign in to comment!
No comments posted yet!